 Dungeon Crawl Stone Soup version 0.18.1-5-g4a78601 (webtiles) character file.

5626 jacquesderrida the Spear-Bearer (level 10, 0/53 HPs)
             Began as a Vine Stalker Skald on May 10, 2016.
             Was a Believer of Ashenzari.
             Succumbed to Sonja's curare-tipped needle
             ... on level 4 of the Lair of Beasts.
             The game lasted 00:26:51 (4489 turns).

jacquesderrida the Spear-Bearer (VSSk)              Turns: 4489, Time: 00:26:52

Health: 0/53       AC: 16    Str: 20    XL:     10   Next: 74%
Magic:  1/14       EV: 11    Int: 22    God:    Ashenzari [**....]
Gold:   400        SH:  0    Dex: 16    Spells: 3 memorised, 6 levels left

rFire  . . .     SeeInvis .     r - +0 trident
rCold  . . .     Gourm    .     B - +3 ring mail
rNeg   . . .     Faith    .     (no shield)
rPois  .         Spirit   +     w - +1 helmet
rElec  .         Dismiss  .     o - +0 cloak {MR+}
rCorr  .         Reflect  .     J - +2 pair of gloves
SustAt .         Harm     .     x - +0 pair of boots (curse)
MR     ++...                    y - amulet of regeneration
Stlth  +.........               j - +2 ring of intelligence
                                a - +2 ring of intelligence

@: mighty, brilliant, lethally poisoned (0 -> -1), slowed, very slow, very
resistant to hostile enchantments, very unstealthy
A: fangs 3, regeneration 2, magic shield, antimagic bite, no device heal 3, rot
immunity
a: Curse Item, Scrying, Renounce Religion


You were on level 4 of the Lair of Beasts.
You worshipped Ashenzari.
Ashenzari was pleased with you.
You were not hungry.

You visited 3 branches of the dungeon, and saw 16 of its levels.

You collected 400 gold pieces.

Inventory:

Hand Weapons
 r - a +0 trident (weapon)
Missiles
 q - 5 javelins (quivered)
Armour
 e - a troll hide
 o - a +0 cloak of magic resistance (worn)
 w - a +1 helmet (worn)
 x - a cursed +0 pair of boots (worn)
 B - a +3 ring mail (worn)
 J - a +2 pair of gloves (worn)
Jewellery
 a - a +2 ring of intelligence (left hand)
 j - a +2 ring of intelligence (right hand)
 y - an amulet of regeneration (around neck)
Wands
 i - a wand of random effects (19/48)
 u - a wand of flame (14/48)
 F - a wand of polymorph (17/24)
Scrolls
 b - a scroll of fog
 c - a scroll of recharging
 h - 3 scrolls of teleportation
 m - a scroll of enchant armour
 I - a scroll of enchant weapon
Potions
 g - a potion of cancellation
 k - a potion of invisibility {unknown}
 l - a potion of flight {unknown}
 p - a potion of curing
 v - a potion of resistance {unknown}
 A - a potion of might
 C - a potion of brilliance
Books
 n - a Young Poisoner's Handbook

   Spells                             Type                      Level
   a - Sting                          Conjuration/Poison           1
   b - Cure Poison                    Poison                       2
   c - Mephitic Cloud                 Conjuration/Poison/Air       3
   d - Olgreb's Toxic Radiance        Poison                       4
   e - Venom Bolt                     Conjuration/Poison           5
 s - a book of Clouds

   Spells                             Type                      Level
   a - Mephitic Cloud                 Conjuration/Poison/Air       3
   b - Conjure Flame                  Conjuration/Fire             3
   c - Poisonous Cloud                Conjuration/Poison/Air       6
   d - Freezing Cloud                 Conjuration/Ice/Air          6
   e - Ring of Flames                 Charms/Fire                  7
Comestibles
 d - 7 bread rations
 f - 6 meat rations
 t - 5 fruits


   Skills:
 + Level 6.6 Fighting
 + Level 8.6 Polearms
 + Level 4.9 Armour
 - Level 0.7 Dodging
 - Level 2.1 Spellcasting
 - Level 5.3 Hexes
 + Level 7.6 Charms
 - Level 0.2 Necromancy


You had 6 spell levels left.
You knew the following spells:

 Your Spells              Type           Power        Failure   Level  Hunger
a - Infusion              Chrm           ####         1%          1    #......
b - Spectral Weapon       Hex/Chrm       #####...     1%          3    ###....
r - Regeneration          Chrm/Necr      ####......   2%          3    ###....


Dungeon Overview and Level Annotations

Branches:
Dungeon (10/15)            Temple (0/1) D:7            Lair (4/8) D:10
    Orc (2/2) D:10
  Swamp: Lair:3-6    Shoals: Lair:3-6     Snake: Lair:3-6    Spider: Lair:3-6
    Elf: Orc:2

Altars:
Ashenzari
Dithmenos
Okawaru
Pakellas
Ru
Trog
The Shining One
Beogh

Annotations:
Lair:1 Urug
Lair:4 Sonja


Innate Abilities, Weirdness & Mutations

You have razor-sharp teeth.
You heal very quickly.
When hurt, damage is shared between your health and your magic reserves.
Your bite disrupts and absorbs the magic of your enemies.
Potions and wands cannot restore your health.
You are immune to rotting.


Message History

Sonja shoots a curare-tipped needle.
The curare-tipped needle barely misses your spectral weapon.
The curare-tipped needle hits you.
You are poisoned.
You have difficulty breathing.
* * * LOW HITPOINT WARNING * * *
You feel as though you will be slow longer.
Unknown command.
Drink which item? (? for menu, Esc to quit)
It was a potion of might.
You feel very mighty all of a sudden.
* * * LOW HITPOINT WARNING * * *
You feel very sick.
Sonja shoots a curare-tipped needle.
The curare-tipped needle hits your spectral weapon.
Unknown command.
Drink which item? (? for menu, Esc to quit)
It was a potion of brilliance.
You feel clever all of a sudden.
You die...

..........$K ..........
.... , * ......... ...
....#** ......$ ...,,
....# ## * #....###.P###
....##.# *,
#.....##....###...#..
##............#....#,*
**, +.(..##......#....#
,#....@(...........#**
+###.(.(.P.....#†...##..
#.#...(.....##.........
.......K......P.........
,
......P..P...P......<...
.........................
.....<...................
#.##.....................
, ***,
#..................##.


You could see Sonja and a friendly spectral trident.

Vanquished Creatures
  A black mamba (Lair:2)
  A komodo dragon (Lair:3)
  Grinder (D:5)
  A troll (Orc:1)
  Sigmund (D:4)
  4 yaks (Lair:1)
  A basilisk (Lair:4)
  A hippogriff (D:8)
  2 wargs (Orc:1)
  3 water moccasins
  2 porcupines (Lair:1)
  3 orc warriors
  2 ice beasts
  A black bear (D:6)
  A sky beast (D:5)
  2 centaurs
  2 phantoms
  2 ogres
  2 crocodiles
  4 giant frogs
  A gnoll sergeant (D:7)
  2 scorpions
  A howler monkey (D:4)
  2 crimson imps
  A giant frog zombie (D:6)
  2 centaur zombies
  3 hounds
  2 jellies
  5 orc priests
  Crazy Yiuf (D:3)
  Jessica (D:3)
  3 worker ants
  2 iguanas (D:8)
  8 orc wizards
  A hound skeleton (D:4)
  7 gnolls
  8 adders
  4 shadow imps
  2 worms
  A dart slug (D:1)
  6 giant geckos
  29 orcs
  2 ball pythons
  2 giant cockroaches
  4 goblins
  2 hobgoblins
  10 kobolds
  4 quokkas
  7 bats
  6 giant newts
  7 rats
  A fungus (D:3)
174 creatures vanquished.

Notes
Turn   | Place    | Note
--------------------------------------------------------------
     0 | D:1      | jacquesderrida the Vine Stalker Skald began the quest for the Orb.
     0 | D:1      | Reached XP level 1. HP: 11/11 MP: 4/4
    49 | D:1      | Reached skill level 2 in Polearms
   127 | D:1      | Reached XP level 2. HP: 15/15 MP: 6/6
   380 | D:2      | Found an iron altar of Okawaru.
   391 | D:2      | Reached skill level 3 in Polearms
   396 | D:2      | Reached XP level 3. HP: 18/18 MP: 7/7
   436 | D:2      | Learned a level 3 spell: Spectral Weapon
   535 | D:2      | Found a faded altar to an unknown god.
   710 | D:3      | Reached skill level 1 in Hexes
   757 | D:3      | Reached XP level 4. HP: 18/23 MP: 3/8
   788 | D:3      | Noticed Jessica
   793 | D:3      | Killed Jessica
   793 | D:3      | Reached XP level 5. HP: 24/26 MP: 5/9
   835 | D:3      | Reached skill level 4 in Polearms
   997 | D:3      | Noticed Crazy Yiuf
  1014 | D:3      | Killed Crazy Yiuf
  1154 | D:3      | Found a glowing golden altar of the Shining One.
  1229 | D:3      | Learned a level 3 spell: Regeneration
  1262 | D:4      | Noticed Sigmund
  1286 | D:4      | Gained mutation: You heal very quickly. [Vine Stalker growth]
  1286 | D:4      | Reached XP level 6. HP: 30/30 MP: 6/10
  1424 | D:4      | Killed Sigmund
  1424 | D:4      | Reached skill level 5 in Polearms
  1424 | D:4      | Reached XP level 7. HP: 25/34 MP: 6/11
  1450 | D:5      | Entered Level 5 of the Dungeon
  1515 | D:5      | Reached skill level 5 in Hexes
  1583 | D:5      | Reached skill level 6 in Polearms
  1678 | D:5      | Gained mutation: You have razor-sharp teeth. [Vine Stalker growth]
  1678 | D:5      | Reached XP level 8. HP: 39/39 MP: 12/12
  1710 | D:5      | Noticed Grinder
  1726 | D:5      | Killed Grinder
  1914 | D:6      | Found an oddly glowing altar of Pakellas.
  1914 | D:6      | Found a shattered altar of Ashenzari.
  1915 | D:6      | Found a bloodstained altar of Trog.
  1936 | D:6      | Became a worshipper of Ashenzari the Shackled
  2110 | D:7      | Reached skill level 1 in Armour
  2114 | D:7      | Found a sacrificial altar of Ru.
  2130 | D:7      | Found a staircase to the Ecumenical Temple.
  2176 | D:7      | Reached skill level 5 in Charms
  2192 | D:7      | Reached skill level 7 in Polearms
  2192 | D:7      | Reached XP level 9. HP: 35/45 MP: 5/13
  2638 | D:8      | Reached * piety under Ashenzari
  2706 | D:8      | Found a shadowy altar of Dithmenos.
  3116 | D:9      | Reached skill level 5 in Fighting
  3239 | D:10     | Entered Level 10 of the Dungeon
  3300 | D:10     | Found a staircase to the Lair.
  3481 | D:10     | Found a staircase to the Orcish Mines.
  3497 | D:10     | Found a roughly hewn altar of Beogh.
  3590 | Orc:1    | Entered Level 1 of the Orcish Mines
  3590 | Orc:1    | Noticed a troll
  3623 | Orc:1    | Killed a troll
  3623 | Orc:1    | Reached XP level 10. HP: 18/51 MP: 14/14
  3629 | Orc:1    | Reached skill level 8 in Polearms
  3672 | Orc:2    | Entered Level 2 of the Orcish Mines
  3719 | Lair:1   | Entered Level 1 of the Lair of Beasts
  3843 | Lair:1   | Reached ** piety under Ashenzari
  3862 | Lair:1   | Noticed Urug
  4012 | Lair:2   | Noticed a black mamba
  4018 | Lair:2   | Killed a black mamba
  4250 | Lair:2   | Noticed an elephant
  4251 | Lair:2   | Noticed an elephant
  4252 | Lair:2   | Noticed an elephant
  4374 | Lair:3   | Noticed a six-headed hydra
  4475 | Lair:4   | Noticed Sonja
  4487 | Lair:4   | HP: 2/53 [asphyx]
  4489 | Lair:4   | Succumbed to Sonja's curare-tipped needle

Skill      XL: |  1  2  3  4  5  6  7  8  9 10 |
---------------+-------------------------------+-----
Polearms       | 2 3 4 5 6 7 8 |  8.6
Hexes          | 1 2 3 4 5 |  5.3
Fighting       | 2 4 5 6 |  6.6
Charms         | 5 6 7 |  7.6
Armour         | 1 3 4 |  4.9
Dodging        | |  0.7
Spellcasting   | |  2.1
Necromancy     | |  0.2

Action                   |  1- 3 |  4- 6 |  7- 9 | 10-12 || total
-------------------------+-------+-------+-------+-------++-------
Melee: Spear             |    87 |       |       |       ||    87
       Bite              |    21 |    16 |    71 |    26 ||   134
       Trident           |    33 |    94 |   306 |    86 ||   519
Throw: Javelin           |       |     2 |       |       ||     2
 Cast: Infusion          |     6 |       |       |       ||     6
       Spectral Weapon   |     1 |     6 |    32 |    12 ||    51
Evoke: Wand              |       |       |     2 |       ||     2
  Use: Scroll            |       |       |    13 |     2 ||    15
       Potion            |       |       |     2 |     3 ||     5
 Stab: Sleeping          |       |       |     2 |       ||     2
       Distracted        |       |       |     1 |     1 ||     2
  Eat: Chunk             |       |     4 |    10 |     1 ||    15
       Fruit             |       |       |     3 |     3 ||     6
       Pizza             |       |       |       |     1 ||     1
Armor: Leather armour    |    27 |    23 |    36 |       ||    86
       Ring mail         |       |       |    71 |    34 ||   105
Dodge: Dodged            |    47 |    44 |   130 |    27 ||   248
